 Dungeon Crawl Stone Soup version 0.20-a0-1000-g0e8f6bb (webtiles) character file.

43 Ordine the Sneak (level 3, 0/21 HPs)
             Began as an Octopode Wizard on Apr 12, 2017.
             Slain by a worm (10 damage)
             ... on level 2 of the Dungeon.
             The game lasted 00:04:42 (1886 turns).

Ordine the Sneak (Octopode Wizard)                  Turns: 1886, Time: 00:04:42

Health: 0/21       AC:  1    Str:  6    XL:     3   Next: 58%
Magic:  1/7        EV: 13    Int: 21    God:
Gold:   98         SH:  0    Dex: 10    Spells: 5/8 levels left

rFire    . . .     SeeInvis .   (no weapon)
rCold    . . .     Gourm    .   (no shield)
rNeg     . . .     Faith    .   a - +0 hat
rPois    .         Spirit   .   (no amulet)
rElec    .         Reflect  .   (no ring)
rCorr    .         Harm     .   (no ring)
MR       .....                  (no ring)
Stlth    +++.......             (no ring)
Regen    0.1/turn               (no ring)
MPRegen  0.1/turn               (no ring)
                                (no ring)
                                (no ring)

@: very slightly contaminated
A: almost no armour, stealthy swim, amphibious, 8 rings, constrict 8, camouflage
1, gelatinous body 1
a: no special abilities


You were on level 2 of the Dungeon.
You were not hungry.

You visited 1 branch of the dungeon, and saw 2 of its levels.

You collected 98 gold pieces.

Inventory:

Armour
 a - a +0 hat (worn)
Scrolls
 j - a scroll of fear
 n - 2 scrolls of immolation {unknown}
 o - a scroll of identify
Potions
 d - a potion of flight
 e - 2 potions of curing {unknown}
 h - a potion of invisibility {unknown}
 k - a potion of haste {unknown}
 m - a potion of berserk rage {unknown}
Books
 b - a book of Minor Magic

   Spells                             Type                      Level
   a - Magic Dart                     Conjuration                  1
   b - Blink                          Translocation                2
   c - Call Imp                       Summoning                    2
   d - Slow                           Hexes                        2
   e - Conjure Flame                  Conjuration/Fire             3
   f - Mephitic Cloud                 Conjuration/Poison/Air       3
Comestibles
 c - 2 bread rations
 f - 2 fruits
 g - a meat ration
 i - a royal jelly


   Skills:
 - Level 2.0 Dodging
 + Level 3.7 Stealth
 * Level 3.4 Spellcasting
 + Level 1.5 Conjurations
   Level 1.0 Summonings
 + Level 1.7 Translocations


You had 5 spell levels left.
You knew the following spells:

 Your Spells              Type           Power        Failure   Level  Hunger
a - Magic Dart            Conj           #...         10%         1    None
b - Blink                 Tloc           N/A          12%         2    ##.....


Dungeon Overview and Level Annotations

Branches:
Dungeon (2/15)

Altars:

Annotations:
D:2 1 runed door


Innate Abilities, Weirdness & Mutations

You cannot wear most types of armour.
You are very stealthy in the water. (Stealth+)
You are amphibious.
You can wear up to eight rings at the same time.
You can use your tentacles to constrict eight enemies at once.
Your skin changes colour to match your surroundings (Stealth+).
Your rubbery body absorbs attacks. (AC +1, EV +1)


Message History

Confirm with . or Enter, or press ? or * to list all spells.
Aiming: Magic Dart
Press: ? - help, Shift-Dir - straight line, f/p - worm
Aim: a worm (moderately wounded)
The magic dart hits the worm.
The worm is heavily wounded.
Casting: Magic Dart
Confirm with . or Enter, or press ? or * to list all spells.
You don't have enough magic to cast that spell.
Unknown command.
The worm bites you!
There is a stone staircase leading up, spattered with blood here.
You tentacle-slap the worm but do no damage.
You grab the worm. You squeeze the worm!
The worm is severely wounded.
You constrict the worm, but do no damage.
You tentacle-slap the worm but do no damage.
The worm is severely wounded.
You constrict the worm. The worm bites you!
You die...

#.#...# *,*
#.....#***********,***********
###.#<#..,<,,,,,,,,**,,,,,,,,,
#.#.#.#********,,**,********
#>#.#(# ####**,,*,,,** #.#w#.#
#..,,,,,,,*,,* #.#.#.#
#.#***,,#,,,,*
#####.#.#.####.####..#*,*,******
#.............w@.....#*,*,,,,,,,
#.###.#........###.†.#*,********
#.# #.###.######**,..#*,*
##.###(###.# *,,,,,,,...,*
...........# *,****,**###*
.#.###.###.# *,* *,*
...###.###.###.* *,*
...............****,*
...............,,,,,*


You could see a worm.

Vanquished Creatures
  2 dart slugs (D:1)
  3 leopard geckos
  2 giant cockroaches
  4 hobgoblins (D:1)
  2 jackals (D:2)
  7 bats
  2 frilled lizards
  3 goblins (D:1)
  5 kobolds
  4 rats
34 creatures vanquished.

Notes
Turn   | Place    | Note
-------+----------+-------------------------------------------
     0 | D:1      | Ordine the Octopode Wizard began the quest for the Orb.
     0 | D:1      | Reached XP level 1. HP: 11/11 MP: 4/4
   260 | D:1      | Reached XP level 2. HP: 16/17 MP: 1/6
   310 | D:1      | Learned a level 2 spell: Blink
   858 | D:1      | You fall through a shaft!
   924 | D:2      | Reached XP level 3. HP: 18/21 MP: 2/7
  1188 | D:2      | Found a runed door.
  1886 | D:2      | Slain by a worm

Vault maps used:
D:1:      dpeg_arrival_court
D:2:      uniq_crazy_yiuf_cottage

Skill      XL: |  1 |
---------------+----+-----
Stealth        | 3 |  3.7
Dodging        | |  2.0
Spellcasting   | |  3.4
Conjurations   | |  1.5
Summonings     | |  1.0
Translocations | |  1.7

Action                   || total
-------------------------++-------
Melee: Unarmed           ||    28
       Constrict         ||     8
       Tentacles         ||     4
 Cast: Magic Dart        ||    77
  Use: Scroll            ||     6
 Stab: Sleeping          ||     4
  Eat: Chunk             ||     3
Armor: Skin              ||     3
Dodge: Dodged            ||    17
